Map: 2000 Atmospheres LE

Players

Astrea - Winner!

  • Race: Protoss Protoss

Neeb

  • Race: Protoss Protoss

Event: DreamHack SC2 Masters 2021 Fall

VOD

Have the link to the VOD?

Description

Time

  • Played on: Aug. 11, 2021, 3:10 p.m.
  • Length: 7:37

All games in this series

Show
View Real Time Build Order
Export as new Build Order

Astrea Protoss - Winner!

Build Orders: Phoenix Opening, Blink Stalkers 

Get SALT Encoding   

  12  0:00  Probe  
  13  0:12  Probe  
  14  0:16  Pylon  
  14  0:24  Probe (Chrono Boost)  
  15  0:36  Gateway, Probe (Chrono Boost)  
  16  0:43  Probe (Chrono Boost)  
  16  0:45  Assimilator  
  17  0:51  Probe  
  17  0:54  Assimilator  
  18  1:03  Probe (Chrono Boost)  
  19  1:07  Gateway  
  19  1:12  Probe (Chrono Boost)  
  19  1:17  Probe (Chrono Boost)  
  20  1:23  Cybernetics Core  
  21  1:29  Probe  
  22  1:39  Pylon  
  22  1:41  Probe  
  23  1:57  Probe  
  23  2:00  Stalker  
  28  2:01  Warp Gate  
  28  2:09  Sentry  
  28  2:19  Pylon  
  28  2:26  Probe  
  29  2:32  Stalker  
  33  2:37  Sentry  
  33  2:44  Phoenix  
  33  2:47  Nexus, Probe  
  34  2:54  Shield Battery  
  34  2:59  Probe  
  35  3:10  Twilight Council  
  35  3:11  Probe  
  36  3:17  Pylon  
  38  3:23  Probe (Chrono Boost)  
  38  3:35  Forge, Probe (Chrono Boost)  
  38  3:41  Blink (Chrono Boost), Probe (Chrono Boost)  
  39  3:51  Probe (Chrono Boost)  
  39  3:52  Sentry  
  42  3:59  Probe (Chrono Boost)  
  44  4:07  Phoenix  
  44  4:08  Protoss Ground Weapons Level 1, Probe x2 (Chrono Boost)  
  45  4:13  Probe (Chrono Boost)  
  45  4:14  Probe  
  47  4:25  Probe  
  47  4:26  Probe  
  49  4:31  Nexus  
  49  4:37  Probe  
  51  4:38  Probe  
  51  4:40  Robotics Facility  
  51  4:43  Assimilator  
  51  4:49  Probe  
  51  4:50  Probe  
  53  4:53  Gateway  
  53  4:56  Gateway  
  53  5:01  Phoenix, Probe  
  53  5:02  Probe  
  53  5:04  Pylon  
  55  5:09  Assimilator  
  55  5:10  Pylon  
  55  5:13  Probe (Chrono Boost)  
  56  5:15  Stalker  
  56  5:18  Stalker  
  56  5:20  Probe (Chrono Boost)  
  61  5:23  Probe (Chrono Boost)  
  61  5:28  Probe x2 (Chrono Boost)  
  63  5:29  Observer (Chrono Boost)  
  63  5:31  Dark Shrine  
  65  5:40  Stalker, Probe  
  65  5:41  Stalker  
  70  5:44  Probe  
  70  5:49  Warp Prism (Chrono Boost)  
  71  5:56  Stalker x2  
  77  5:58  Probe  
  77  5:59  Probe  
  77  6:01  Probe  
  80  6:07  Stalker  
  80  6:08  Stalker  
  84  6:13  Probe x3  
  88  6:18  Observer  
  88  6:21  Stalker x2  
  88  6:25  Probe  
  93  6:27  Pylon  
  93  6:40  Pylon  
  93  6:41  Pylon  
  93  6:48  Dark Templar  
  93  6:49  Dark Templar  
  93  6:50  Stalker x2  
  101  7:02  Gateway  
  101  7:04  Gateway  
  101  7:05  Gateway, Probe  
  101  7:07  Gateway  
  102  7:10  Probe  
  102  7:12  Shield Battery  
  103  7:16  Pylon  
  103  7:21  Stalker x4  
  113  7:30  Assimilator  
  113  7:31  Pylon  
Show
View Real Time Build Order
Export as new Build Order

Neeb Protoss 

Build Orders: Phoenix Opening, Blink Stalkers 

Get SALT Encoding   

  12  0:00  Probe  
  13  0:12  Probe  
  14  0:17  Pylon  
  14  0:24  Probe (Chrono Boost)  
  15  0:36  Probe (Chrono Boost)  
  15  0:37  Gateway  
  16  0:45  Probe (Chrono Boost)  
  16  0:46  Assimilator  
  17  0:51  Probe  
  17  0:54  Assimilator  
  18  1:03  Probe (Chrono Boost)  
  19  1:08  Gateway  
  20  1:12  Probe (Chrono Boost)  
  20  1:17  Probe (Chrono Boost)  
  20  1:25  Cybernetics Core  
  21  1:29  Probe  
  22  1:35  Pylon  
  22  1:41  Probe  
  23  1:53  Probe  
  24  2:01  Stalker  
  24  2:02  Sentry, Warp Gate  
  24  2:06  Probe  
  29  2:12  Pylon  
  29  2:18  Probe  
  29  2:20  Pylon  
  30  2:30  Sentry  
  30  2:35  Stalker  
  34  2:51  Nexus  
  34  2:54  Probe  
  35  3:04  Twilight Council  
  35  3:06  Probe  
  35  3:11  Shield Battery  
  36  3:18  Probe (Chrono Boost)  
  37  3:23  Pylon  
  37  3:28  Phoenix  
  37  3:29  Probe (Chrono Boost)  
  37  3:33  Forge  
  38  3:34  Probe (Chrono Boost)  
  39  3:44  Blink (Chrono Boost), Probe (Chrono Boost)  
  40  3:50  Sentry  
  40  3:53  Probe (Chrono Boost)  
  44  4:03  Probe x2 (Chrono Boost)  
  44  4:05  Protoss Ground Weapons Level 1  
  45  4:13  Probe (Chrono Boost)  
  45  4:14  Phoenix  
  45  4:15  Probe (Chrono Boost)  
  47  4:18  Probe (Chrono Boost)  
  47  4:24  Probe  
  49  4:30  Probe  
  49  4:31  Nexus  
  50  4:34  Robotics Facility  
  50  4:38  Assimilator  
  50  4:39  Probe  
  50  4:42  Probe  
  50  4:44  Sentry  
  54  4:50  Gateway  
  54  4:51  Probe  
  55  4:53  Gateway  
  55  4:57  Probe  
  56  5:06  Stalker  
  58  5:07  Probe  
  58  5:11  Gateway  
  59  5:15  Gateway  
  59  5:17  Probe  
  59  5:21  Pylon  
  60  5:22  Observer (Chrono Boost)  
  60  5:24  Pylon  
  60  5:26  Probe  
  62  5:37  Immortal (Chrono Boost)  
  62  5:39  Stalker, Probe x2  
  62  5:42  Stalker  
  72  5:43  Probe  
  73  5:51  Probe  
  73  5:54  Probe  
  73  5:55  Stalker x2, Probe  
  80  5:59  Pylon  
  80  6:05  Pylon  
  80  6:06  Warp Prism (Chrono Boost)  
  80  6:10  Stalker  
  84  6:15  Stalker  
  84  6:18  Stalker  
  88  6:21  Stalker  
  90  6:26  Pylon  
  90  6:27  Pylon, Stalker  
  92  6:41  Stalker x4  
  94  6:47  Probe  
  94  6:49  Probe  
  94  6:53  Stalker x2  
  100  6:55  Probe  
  100  6:59  Probe  
  102  7:08  Probe  
  100  7:09  Probe  
  100  7:12  Assimilator, Stalker  
  100  7:13  Zealot x3  
  109  7:18  Observer (Chrono Boost)  
  102  7:24  Probe x2  

Tags
 
Add a new tag
Caveats
  • Supply blocks, unpowered buildings, or Contaminate may cause inaccurate times.
  • Supply counts are checked every 10 seconds.